Cogmind - Beta 17 @@@ ROGUE MODE // 2026.08.01 @ 11:32:30 Player: naththebg Result: Destroyed by G-50 Soldier with Heavy Laser Performance ------------- Evolutions (2) 1000 Regions Visited (10) 2000 Robots Destroyed (211) 1055 Value Destroyed (7099) 7099 Prototype IDs (14) 280 Alien Tech Used (0) 0 Bonus (16762) 16762 TOTAL SCORE: 28196 Bonus ------- High Alert Combat Kills 3024 Follower Combat Kills 1600 Prayed to X0-1V1 5000 Major X0-1V1 Interference 5000 Entered Garrisons 800 Used RIF Installer 1500 Friendly Fire -162 Cogmind --------- Core Integrity 0/700 Matter 226/300 Energy 556/1100 System Corruption 24% Temperature Hot (289) Movement Core (300) Ox5 Location -8/Garrison Parts ------- > --- POWER (1) -------- (None) > --- PROPULSION (4) --- (None) > --- UTILITY (5) ------ (None) > --- WEAPON (7) ------- Heavy Ion Cannon Heavy Ion Cannon > --- INVENTORY (5) ---- Tactical Coordination Suite Kinecellerator Relay Coupler [Grunt] (99) Relay Coupler [Sentry] (31) Improved Datajack Peak State ------------ > --- POWER ------------ Hybrid Deuterium Engine > --- PROPULSION ------- Armored Treads Advanced Treads Armored Huge Wheel > --- UTILITY ---------- High-capacity Storage Unit Relay Coupler [NC] Relay Coupler [Sentry] Relay Coupler [Heavy] X0-1V1's Piety Tracker > --- WEAPON ----------- Gauss Cannon Remote Datajack > --- INVENTORY -------- Light Treads Armored Huge Wheel Armored Huge Wheel Improved Cooling System Improved Cooling System Compact Matter Pod Tactical Coordination Suite Kinecellerator Hardened Heavy Armor Plating Improved Medium Armor Plating Relay Coupler [Grunt] Relay Coupler [Sentry] Relay Coupler [Behemoth] Particle Cannon Flak Cannon Heavy Missile Launcher Heavy Missile Launcher [Rating: 58] Favorites ----------- Power Deuterium Engine Engine Deuterium Engine Propulsion Light Treads Treads Light Treads Leg Aluminum Leg Wheel Armored Huge Wheel Utility X0-1V1's Piety Tracker Device X0-1V1's Piety Tracker Storage High-capacity Storage Unit Hackware Relay Coupler [Sentry] Protection Medium Reactive Plating Weapon Particle Cannon Energy Gun EM Pulse Gun Energy Cannon Particle Cannon Ballistic Gun Light Assault Rifle Ballistic Cannon Gauss Cannon Launcher Subdweller Shrapnel Launcher Special Weapon Remote Datajack Impact Weapon Heavy Flail Build | -11 -10 -10 -8 -8 -8 -8 -8 -8 -8 -8 ------- Run | Yrd Mat Sub Mat Gar Mat Gar Mat Gar Mat Gar Slots Evolved 4 | . . . 4 . . . . . . . Power . | . . . . . . . . . . . Propulsion . | . . . . . . . . . . . Utility 3 | . . . 3 . . . . . . . Weapon 1 | . . . 1 . . . . . . . Parts Attached 84 | 6 6 2 21 2 4 11 8 6 4 14 Power 5 | 1 . . 2 . . 1 1 . . . Engine 5 | 1 . . 2 . . 1 1 . . . Core . | . . . . . . . . . . . Reactor . | . . . . . . . . . . . Propulsion 24 | 2 2 1 4 . . 4 3 2 2 4 Treads 16 | . 2 1 2 . . 3 3 1 1 3 Leg 2 | 2 . . . . . . . . . . Wheel 6 | . . . 2 . . 1 . 1 1 1 Hover . | . . . . . . . . . . . Flight . | . . . . . . . . . . . Utility 24 | 1 2 1 6 2 1 3 4 1 . 3 Device 10 | . 1 . 3 2 1 . 1 1 . 1 Storage 4 | 1 1 1 . . . . 1 . . . Processor . | . . . . . . . . . . . Hackware 4 | . . . . . . 2 2 . . . Protection 6 | . . . 3 . . 1 . . . 2 Artifact . | . . . . . . . . . . . Weapon 31 | 2 2 . 9 . 3 3 . 3 2 7 Energy Gun 4 | 1 . . 1 . . . . 1 . 1 Energy Cannon 13 | . 2 . 6 . 1 1 . . 1 2 Ballistic Gun 6 | 1 . . 1 . 1 . . . . 3 Ballistic Cannon 2 | . . . . . . . . 1 1 . Launcher 4 | . . . 1 . 1 . . 1 . 1 Special Weapon 2 | . . . . . . 2 . . . . Impact Weapon . | . . . . . . . . . . . Slashing Weapon . | . . . . . . . . . . . Piercing Weapon . | . . . . . . . . . . . Special Melee Weapon . | . . . . . . . . . . . Unidentified Prototypes 4 | . 1 . 2 . 1 . . . . . Parts Lost 37 | . . . 1 3 2 3 . 2 1 25 Power 2 | . . . . . . 1 . . . 1 Propulsion 12 | . . . . . . 2 . 1 . 9 Utility 10 | . . . . 2 1 . . 1 . 6 Weapon 13 | . . . 1 1 1 . . . 1 9 Highest Loss Streak 13 | . . . 1 1 1 2 . 1 1 13 To Critical Strikes . | . . . . . . . . . . . Average Backups 16 | 5 9 16 17 17 17 18 17 17 16 12 Power . | 1 1 1 2 2 2 . . . . . Propulsion 4 | 3 5 7 5 5 4 2 3 2 2 1 Utility 6 | . . . 1 2 6 8 10 10 10 9 Weapon 4 | . 2 7 7 6 3 4 4 3 3 1 Tool/Special . | . . . . . . . . . . . Unused Backups 41 | . 3 . 12 6 . 5 4 1 1 9 Power 2 | . . . 2 . . . . . . . Propulsion 6 | . 2 . 2 1 . 1 . . . . Utility 21 | . . . 2 4 . 2 4 . . 9 Weapon 11 | . 1 . 6 1 . 1 . 1 1 . Tool/Special 1 | . . . . . . 1 . . . . Average Slot Usage (%) 86 | . 84 100 88 89 89 86 91 83 82 51 Engine 8 | . 14 13 8 8 8 7 8 8 7 2 Treads 10 | . 15 31 10 . . 13 16 16 8 4 Wheel 9 | . . . 7 16 16 7 8 7 15 7 Device 14 | . . 13 15 18 25 17 8 8 16 7 Storage 8 | . 14 13 8 8 8 7 8 8 8 5 Hackware 7 | . . . . . . 6 22 18 16 8 Protection 5 | . . . 12 13 7 2 1 . . 2 Energy Cannon 14 | . 5 26 23 24 18 14 8 2 . 4 Launcher 1 | . . . . . . 2 . 2 . . Special Weapon 2 | . . . . . . 2 8 4 . . Peak Build Rating 58 | 6 23 25 50 51 54 54 56 58 52 55 Average Rating 46 | 3 7 23 43 49 51 50 53 52 48 37 On Entrance 37 | . 6 23 25 50 51 49 53 56 50 51 Avg Prop Armor Cover (%) 14 | . . . 5 . . 10 18 21 11 10 Naked Turns 2 | . . . . . . . . . . 2 Heaviest Build 103 | 13 34 54 103 87 87 70 66 59 57 77 Greatest Support 60 | 20 40 60 60 40 40 40 28 42 40 60 Greatest Overweight (x) 25 | 1 . 1 3 2 2 2 2 2 2 25 Average Overweight (x) 1 | . . . 2 1 1 1 1 1 1 1 Largest Inventory Capacity 20 | 8 15 20 20 20 20 20 20 20 20 20 Average Capacity 19 | 7 12 18 20 20 20 20 20 20 20 18 Most Carried 20 | 7 15 19 20 20 20 20 20 20 20 19 Average Carried 18 | 5 9 16 19 19 19 19 19 19 18 13 Final Capacity 20 | 8 15 20 20 20 20 20 20 20 20 5 Final Carried 20 | 6 15 19 20 20 20 20 20 19 19 5 Class Distribution -------------------- 44% | Bothacker-Mutant 24% | Tank 11% | Mutant 9% | Bothacker-Gunner 6% | Bothacker-Tank 3% | Skirmisher Dominant Class ---------------- Mutant | -10/Materials Mutant | -10/Subcaves Tank | -8/Materials Tank | -8/Garrison Bothacker-Tank | -8/Materials Bothacker-Mutant | -8/Garrison Bothacker-Mutant | -8/Materials Bothacker-Mutant | -8/Garrison Bothacker-Mutant | -8/Materials Bothacker-Mutant | -8/Garrison Resources | -11 -10 -10 -8 -8 -8 -8 -8 -8 -8 -8 ----------- Run | Yrd Mat Sub Mat Gar Mat Gar Mat Gar Mat Gar Matter Collected 5585 | 203 99 30 640 1230 164 800 277 1185 276 681 Remotely . | . . . . . . . . . . . Salvage Created 7102 | . 22 108 1563 1262 956 933 432 928 361 537 Parts 414 | . . 6 78 64 63 70 20 42 22 49 Haulers Intercepted 10 | . . . 5 . 3 . 1 . 1 . Recyclers Shooed 5 | . 1 . 1 . . . . . 3 . Parts Field Recycled . | . . . . . . . . . . . Retrieved Matter . | . . . . . . . . . . . Parts Self-Destructed 9 | . . 9 . . . . . . . . Prevented . | . . . . . . . . . . . Parts Restored . | . . . . . . . . . . . Kills | -11 -10 -10 -8 -8 -8 -8 -8 -8 -8 -8 ------- Run | Yrd Mat Sub Mat Gar Mat Gar Mat Gar Mat Gar Combat Hostiles Destroyed 173 | . . 2 32 27 19 25 7 29 9 23 Guns 3 | . . . . . 2 . . . . 1 Cannons 103 | . . 2 14 22 15 14 6 10 9 11 AOE 61 | . . . 17 2 1 11 1 19 . 10 Classes Destroyed 17 | . 1 1 12 1 1 . . 1 . . Worker 6 | . 1 . 3 . . . 1 . 1 . Builder 3 | . . . 1 . 2 . . . . . Tunneler 1 | . . . 1 . . . . . . . Hauler 10 | . . . 5 . 3 . 1 . 1 . Recycler 2 | . . . 2 . . . . . . . Operator 4 | . . . 2 . 1 . 1 . . . Watcher 9 | . . . 5 . 2 . 1 . 1 . Swarmer 51 | . . . 10 3 5 17 1 7 . 8 Cutter 3 | . . . . . 3 . . . . . Grunt 62 | . . . 15 15 8 1 3 14 4 2 Brawler 5 | . . . 1 2 1 1 . . . . Duelist 3 | . . . 1 . . 1 . . 1 . Sentry 25 | . . . 4 3 2 3 3 3 3 4 Specialist 1 | . . . . . . . . 1 . . Hunter 6 | . . . 1 . . . . . . 5 Programmer 18 | . . . . 4 . 4 . 5 1 4 Subdweller 2 | . . 2 . . . . . . . . Best Kill Streak 17 | . 1 1 17 7 12 9 2 8 4 7 Combat Bots Only 9 | . . 1 9 7 7 8 2 8 3 7 Max Kills in Single Turn 4 | . 1 1 4 2 2 3 1 4 1 4 Gunslinging . | . . . . . . . . . . . Exploded 4 | . . . 3 1 1 3 1 4 . 4 Melee . | . . . . . . . . . . . Uniques/NPCs Destroyed . | . . . . . . . . . . . Combat | -11 -10 -10 -8 -8 -8 -8 -8 -8 -8 -8 -------- Run | Yrd Mat Sub Mat Gar Mat Gar Mat Gar Mat Gar Hostile Shots Fired 826 | . 6 6 95 80 44 59 25 103 44 364 Missed 243 | . 1 2 22 19 13 16 8 36 7 119 Hits 583 | . 5 4 73 61 31 43 17 67 37 245 Melee 11 | . . . . . 5 . . . 6 . Projectile 572 | . 5 4 73 61 26 43 17 67 31 245 AOE 1 | . . . . . 1 . . . . . Critical Strikes 21 | . . . 2 2 3 3 2 1 3 5 Damage Taken 8076 | . 53 82 953 654 380 576 399 870 613 3496 Core 1177 | . 9 23 136 76 22 66 56 195 108 486 Absorbed by Shields . | . . . . . . . . . . . Ignored by Resistances 1097 | . . . 412 205 87 26 38 110 75 144 Core Remaining (%) 93 | 100 . 87 . . . . . . . . Volleys Fired 538 | . 2 6 61 71 41 91 60 92 53 61 Largest 3 | . 2 2 3 3 3 3 1 2 1 2 Hottest 204 | . 60 112 204 204 204 204 68 133 75 130 Shots Fired 914 | . 4 12 144 169 110 168 60 111 50 86 Gun 60 | . 4 . . . 21 . . 19 . 16 Cannon 764 | . . 12 130 166 88 150 42 68 49 59 Launcher 58 | . . . 14 3 1 5 . 24 . 11 Special 32 | . . . . . . 13 18 . 1 . Kinetic 162 | . 2 . 14 3 22 5 . 25 48 43 Thermal 617 | . . . 76 166 88 150 42 62 1 32 Explosive 35 | . . . . . . . . 24 . 11 Electromagnetic 68 | . 2 12 54 . . . . . . . Robot Hit Streak 46 | . 2 4 12 15 14 46 12 38 39 11 Robot Miss Streak 6 | . 2 2 2 5 4 4 2 6 4 4 Penetration Max 1 | . . . . . . . . 1 1 1 Secondary Targets 1 | . . . . . . . . . . 1 Max Gunslinging Chain 1 | . . . . . . . . . . 1 Shots Hit Robots 564 | . 2 8 82 94 67 97 49 84 38 43 Core Hits 321 | . 4 3 76 43 36 47 12 52 14 34 Critical Kills 4 | . . . . 1 1 1 1 . . . Critical Parts Destroyed . | . . . . . . . . . . . Critical Strikes 15 | . . . . 1 1 1 1 4 5 2 Burn 1 | . . . . . . . . 1 . . Meltdown 4 | . . . . 1 1 1 1 . . . Blast 10 | . . . . . . . . 3 5 2 Melee Attacks . | . . . . . . . . . . . Impact . | . . . . . . . . . . . Slashing . | . . . . . . . . . . . Piercing . | . . . . . . . . . . . Sneak Attacks . | . . . . . . . . . . . Combat Hostiles . | . . . . . . . . . . . Follow-up Attacks . | . . . . . . . . . . . Damage Inflicted 18820 | . 51 150 4204 2478 1553 2689 743 3686 1114 2152 Guns 527 | . 19 . . . 103 . . 273 . 132 Cannons 11463 | . . 150 1847 2194 1334 1941 743 1280 1114 860 Explosions 6767 | . . . 2357 284 116 748 . 2133 . 1129 Melee . | . . . . . . . . . . . Ramming 32 | . 32 . . . . . . . . . Kinetic 5647 | . 6 . 2163 284 219 748 . 556 1083 588 Thermal 8805 | . . . 1161 2194 1334 1941 743 997 31 404 Explosive 3262 | . . . . . . . . 2133 . 1129 Electromagnetic 1043 | . 13 150 880 . . . . . . . Impact . | . . . . . . . . . . . Slashing 31 | . . . . . . . . . . 31 Piercing . | . . . . . . . . . . . Highest Corruption 24 | . . . . 1 1 4 . 5 8 24 Average Corruption 4 | . . . . 1 1 3 . 4 5 11 Corruption Purged . | . . . . . . . . . . . Corruption Blocked . | . . . . . . . . . . . Effects 89 | . . . . . 4 36 . 19 11 19 Message Errors 18 | . . . . . . 9 . 4 2 3 Matter Fused 12 | . . . . . 2 6 . 1 1 2 Heat Flow Errors 12 | . . . . . . 4 . 4 2 2 Energy Discharges 11 | . . . . . . 3 . 4 1 3 Parts Rejected 2 | . . . . . . . . 1 1 . Parts Fused 2 | . . . . . 1 1 . . . . Data Loss (minor) 14 | . . . . . 1 6 . 3 . 4 Data Loss (major) 1 | . . . . . . 1 . . . . Misfires 3 | . . . . . . 1 . 1 . 1 Alerts 3 | . . . . . . 2 . . 1 . Misdirections 2 | . . . . . . . . . . 2 Weapon Failures 9 | . . . . . . 3 . 1 3 2 Overload Shots . | . . . . . . . . . . . Overflow Damage 365 | . . . 71 109 2 27 2 106 12 36 Projectiles 146 | . . . 13 109 2 . 2 8 12 . Explosions 219 | . . . 58 . . 27 . 98 . 36 Melee . | . . . . . . . . . . . Knockbacks 15 | . . . . . . . . 5 10 . Impact . | . . . . . . . . . . . Kinetic 13 | . . . . . . . . 5 8 . Secondary 2 | . . . . . . . . . 2 . Self-Inflicted Damage 206 | . . . 162 16 . . . 28 . . Shots 10 | . . . 6 1 . . . 3 . . Rammed 3 | . 3 . . . . . . . . . Targets Rammed 4 | . 4 . . . . . . . . . Kicked 1 | . 1 . . . . . . . . . Crushed . | . . . . . . . . . . . Highest Temperature 350 | . 20 3 350 315 144 244 128 247 126 288 Average Temperature 87 | . 15 3 112 113 55 44 37 46 54 96 Received Heat Transfer 2154 | . 6 18 522 315 117 69 144 297 225 441 Effects 4 | . . . 2 . . . . . . 2 Energy Bleed 2 | . . . 2 . . . . . . . Interference 2 | . . . . . . . . . . 2 Siege Activations . | . . . . . . . . . . . Martial Activations . | . . . . . . . . . . . Shielding Activations . | . . . . . . . . . . . Robots Disrupted . | . . . . . . . . . . . Combat Hostiles . | . . . . . . . . . . . Robots Corrupted 1 | . . . 1 . . . . . . . Combat Hostiles 1 | . . . 1 . . . . . . . Parts Fried 3 | . . . 3 . . . . . . . Impact Corruptions . | . . . . . . . . . . . Robots Melted 7 | . . . . 3 1 1 1 1 . . Combat Hostiles 4 | . . . . 3 1 . . . . . Parts Melted 34 | . . 3 4 8 7 4 5 2 . 1 Heat Transferred 15182 | . . . 1989 3504 2405 3404 1332 2035 37 476 Parts Sabotaged . | . . . . . . . . . . . Parts Stolen . | . . . . . . . . . . . Parts Stripped . | . . . . . . . . . . . Power Chain Reactions 4 | . . . 4 . . . . . . . Alert | -11 -10 -10 -8 -8 -8 -8 -8 -8 -8 -8 ------- Run | Yrd Mat Sub Mat Gar Mat Gar Mat Gar Mat Gar Maximum Alert Level 5 | . . . 3 5 3 5 4 5 3 3 Low Security (%) 13 | 100 100 . 52 . . . . . . . Level 1 4 | . . . 29 . . . . . . . Level 2 9 | . . . 9 2 9 . 1 21 59 44 Level 3 34 | . . . 8 32 90 19 95 22 40 55 Level 4 21 | . . . . 48 . 23 2 53 . . Level 5 15 | . . . . 16 . 56 . 2 . . High Security . | . . . . . . . . . . . Max Security . | . . . . . . . . . . . Peak Influence 1928 | . 5 . 1033 1734 1071 1928 1177 1623 791 843 Initial 939 | . . . . 668 845 696 939 499 791 509 Average 943 | . . . 267 1262 846 1493 855 1097 683 693 Influence Increases 7883 | . 10 . 1595 1176 610 1362 741 1314 473 602 Destroy 0b10 Robot/C 4660 | . . . 860 780 380 720 360 820 260 480 Destroy 0b10 Robot/NC 250 | . 5 . 115 . 40 15 45 10 20 . Destroy Leader 596 | . . . 180 20 90 30 100 50 96 30 Allied During Kill 594 | . . . 81 90 . 137 177 98 8 3 Successful Hack 108 | . 5 . 10 14 13 30 8 28 . . Disable Machine 225 | . . . 60 15 45 . 45 15 45 . Anti-Garrison Action 650 | . . . . 150 . 350 . 150 . . Destroy Structure 635 | . . . 244 92 12 80 6 98 44 59 Lose Combat Pursuer 165 | . . . 45 15 30 . . 45 . 30 Influence Decreases 7062 | . 10 . 566 471 1273 505 1901 459 1312 565 Entered New Map 3990 | . . . . 361 889 375 989 269 832 275 Time Decay 1232 | . 10 . 436 . 214 . 422 . 150 . Lost Part 370 | . . . 10 30 20 30 . 20 10 250 Lost Ally 570 | . . . 120 80 . 100 40 170 20 40 Purge Threat 900 | . . . . . 150 . 450 . 300 . Squads Dispatched 20 | . 2 . 9 . 3 . 3 . 3 . Investigation 4 | . . . 3 . . . 1 . . . Extermination . | . . . . . . . . . . . Reinforcement 9 | . 2 . 2 . 2 . 2 . 1 . Assault 3 | . . . 3 . . . . . . . Garrison 4 | . . . 1 . 1 . . . 2 . Intercept . | . . . . . . . . . . . Searches Triggered . | . . . . . . . . . . . Construction Impeded 2 | . . . 1 . . . . . 1 . Haulers Reinforced . | . . . . . . . . . . . Active Scanning Responses . | . . . . . . . . . . . Cargo Convoy Interrupts . | . . . . . . . . . . . Stealth | -11 -10 -10 -8 -8 -8 -8 -8 -8 -8 -8 --------- Run | Yrd Mat Sub Mat Gar Mat Gar Mat Gar Mat Gar Distress Signals 12 | . 1 . 3 . 2 . 3 . 3 . Communications Jammed . | . . . . . . . . . . . Distress Signals . | . . . . . . . . . . . Times Spotted 264 | . 3 4 49 41 24 28 33 42 16 24 Peak Tracking Total 12 | . 3 2 6 7 3 3 5 7 7 12 Tactical Retreats 10 | . . 1 3 1 2 . . 2 . 1 Traps | -11 -10 -10 -8 -8 -8 -8 -8 -8 -8 -8 ------- Run | Yrd Mat Sub Mat Gar Mat Gar Mat Gar Mat Gar Traps Triggered 21 | . . . 2 3 . 5 1 8 2 . Indirectly . | . . . . . . . . . . . Trap Hack Attempts . | . . . . . . . . . . . Triggered . | . . . . . . . . . . . Disarmed . | . . . . . . . . . . . Reprogrammed . | . . . . . . . . . . . Reused . | . . . . . . . . . . . Traps Extracted . | . . . . . . . . . . . Installed . | . . . . . . . . . . . Triggered . | . . . . . . . . . . . Machines | -11 -10 -10 -8 -8 -8 -8 -8 -8 -8 -8 ---------- Run | Yrd Mat Sub Mat Gar Mat Gar Mat Gar Mat Gar Machines Disabled 17 | . . . 4 1 3 1 3 1 3 1 Max in Single Turn 3 | . . . 1 1 3 1 1 1 . 1 Garrison Relay 1 | . . . . . . 1 . . . . Phase Generator 1 | . . . . . . . . 1 . . Machines Repaired . | . . . . . . . . . . . Machines Dismantled . | . . . . . . . . . . . Machines Sabotaged . | . . . . . . . . . . . Overloaded Fab Kills . | . . . . . . . . . . . Hacking | -11 -10 -10 -8 -8 -8 -8 -8 -8 -8 -8 --------- Run | Yrd Mat Sub Mat Gar Mat Gar Mat Gar Mat Gar Machines Accessed 33 | . 1 . 8 2 5 4 6 3 4 . Terminals 28 | . 1 . 6 2 4 4 5 3 3 . Fabricators . | . . . . . . . . . . . Repair Stations . | . . . . . . . . . . . Recycling Units . | . . . . . . . . . . . Scanalyzers 1 | . . . 1 . . . . . . . Garrison Access 4 | . . . 1 . 1 . 1 . 1 . Total Hacks 85 | . 4 . 21 3 11 8 16 5 17 . Successful 36 | . 1 . 8 1 7 2 7 2 8 . Failed 48 | . 3 . 12 2 4 6 9 3 9 . Catastrophic 13 | . . . 3 1 1 3 3 1 1 . Database Lockouts 1 | . . . 1 . . . . . . . Manual 37 | . 1 . 7 . 8 . 7 . 14 . Terminals 75 | . 4 . 15 3 10 8 15 5 15 . Fabricators . | . . . . . . . . . . . Repair Stations . | . . . . . . . . . . . Recycling Units . | . . . . . . . . . . . Scanalyzers 3 | . . . 3 . . . . . . . Garrison Access 7 | . . . 3 . 1 . 1 . 2 . Terminal Hacks 23 | . 1 . 4 1 4 2 5 2 4 . Record 1 | . . . . . . . . . 1 . Robot Analysis 1 | . . . . . 1 . . . . . Prototype ID Bank 5 | . 1 . 1 . 1 . 2 . . . Branch Access Points 1 | . . . 1 . . . . . . . Emergency Access Points 3 | . . . . . . 1 1 1 . . Garrison Index 1 | . . . . . 1 . . . . . Alert Level 1 | . . . 1 . . . . . . . Unreport Threat 5 | . . . . . 1 . 2 . 2 . Locate Traps 2 | . . . 1 . . . . . 1 . Garrison Registry 2 | . . . . 1 . . . 1 . . Security Stations 1 | . . . . . . 1 . . . . Fabricator Hacks . | . . . . . . . . . . . Repair Station Hacks . | . . . . . . . . . . . Recycling Unit Hacks . | . . . . . . . . . . . Scanalyzer 1 | . . . 1 . . . . . . . Retrieve Study 1 | . . . 1 . . . . . . . Garrison Access Hacks 4 | . . . 1 . 1 . 1 . 1 . Unlock Access 4 | . . . 1 . 1 . 1 . 1 . Unauthorized Hacks 8 | . . . 2 . 2 . 1 . 3 . Terminals 7 | . . . 2 . 2 . 1 . 2 . Botnet 7 | . . . 2 . 2 . 1 . 2 . Fabricators . | . . . . . . . . . . . Repair Stations . | . . . . . . . . . . . Recycling Units . | . . . . . . . . . . . Scanalyzers . | . . . . . . . . . . . Garrison Access 1 | . . . . . . . . . 1 . Restock 1 | . . . . . . . . . 1 . Data Cores Recovered 4 | . 1 . 2 . . . 1 . . . Used . | . . . . . . . . . . . Hacking Detections 26 | . 1 . 6 1 5 3 6 1 3 . Full Trace Events 6 | . . . 1 1 . 2 1 1 . . Feedback Events . | . . . . . . . . . . . Feedback Blocked . | . . . . . . . . . . . Robot Schematics Acquired . | . . . . . . . . . . . Robots Built . | . . . . . . . . . . . Authchips . | . . . . . . . . . . . Time . | . . . . . . . . . . . Total Robot Build Rating . | . . . . . . . . . . . Part Schematics Acquired . | . . . . . . . . . . . Parts Built . | . . . . . . . . . . . Authchips . | . . . . . . . . . . . Time . | . . . . . . . . . . . Total Part Build Rating . | . . . . . . . . . . . Part Studies Acquired 1 | . . . 1 . . . . . . . Parts Repaired . | . . . . . . . . . . . Time . | . . . . . . . . . . . Parts Recycled . | . . . . . . . . . . . Recycled Matter . | . . . . . . . . . . . Retrieved Matter . | . . . . . . . . . . . Retrieved Components . | . . . . . . . . . . . Parts Scanalyzed . | . . . . . . . . . . . Part Schematics Acquired . | . . . . . . . . . . . Parts Damaged . | . . . . . . . . . . . Bothacking | -11 -10 -10 -8 -8 -8 -8 -8 -8 -8 -8 ------------ Run | Yrd Mat Sub Mat Gar Mat Gar Mat Gar Mat Gar Used RIF Installer 3 | . . . . 1 . 1 . 1 . . Coupler Efficiency 1 | . . . . . . 1 . . . . Code Merge 1 | . . . . . . . . 1 . . Autooverride 1 | . . . . 1 . . . . . . Robots Hacked 14 | . . . . . . 3 9 1 1 . Non-combat 4 | . . . . . . . 3 . 1 . Combat 10 | . . . . . . 3 6 1 . . Autooverrided 2 | . . . . . . . 1 1 . . Robot Hacks Applied 14 | . . . . . . 3 10 . 1 . drop_inventory 1 | . . . . . . . 1 . . . purge_threat 1 | . . . . . . . 1 . . . locate_traps 1 | . . . . . . . 1 . . . block_reporting 1 | . . . . . . . . . 1 . map_route 1 | . . . . . . . 1 . . . formatsys_low 1 | . . . . . . . 1 . . . formatsys_high 7 | . . . . . . 2 5 . . . formatsys_deep 1 | . . . . . . 1 . . . . Relay Couplers Released 11 | . . . . 3 . 4 . . 4 . Machine Destruction 4 | . . . . . . 4 . . . . Programmers 7 | . . . . 3 . . . . 4 . Attached 4 | . . . . . . 2 2 . . . Fabnet Peak Effective % . | . . . . . . . . . . . Robots Rewired 3 | . . . . . . 3 . . . . Allies Hacked . | . . . . . . . . . . . Hacks Repelled . | . . . . . . . . . . . Allies | -11 -10 -10 -8 -8 -8 -8 -8 -8 -8 -8 -------- Run | Yrd Mat Sub Mat Gar Mat Gar Mat Gar Mat Gar Total Allies 36 | . . . 6 4 . 12 7 5 . 2 Largest Group 7 | . . . 6 4 . 5 7 7 1 2 Highest-Rated Group 300 | . . . 210 132 . 87 300 300 21 53 Highest-Rated Ally 90 | . . . 85 33 . 40 90 90 21 37 Total Orders . | . . . . . . . . . . . Ally Attacks 328 | . . . 50 61 . 75 72 54 13 3 Total Damage 6704 | . . . 1442 1038 . 706 1745 1380 356 37 Kills 72 | . . . 15 12 . 11 16 12 5 1 Allies Corrupted . | . . . . . . . . . . . Allies Melted . | . . . . . . . . . . . X0-1V1 Amusement Gains 112 | . 12 . 35 . . 20 10 . 30 5 Good Acts 85 | . . 1 25 13 7 11 6 12 1 9 Bad Acts 26 | . . . 11 . 1 4 . 1 4 5 Intel | -11 -10 -10 -8 -8 -8 -8 -8 -8 -8 -8 ------- Run | Yrd Mat Sub Mat Gar Mat Gar Mat Gar Mat Gar Active Infowar (turns) 143 | . . . 143 . . . . . . . Terrain 143 | . . . 143 . . . . . . . Robot Analysis Total 1 | . . . . . 1 . . . . . Derelict Logs Recovered . | . . . . . . . . . . . Drone Launches . | . . . . . . . . . . . Drone Recoveries . | . . . . . . . . . . . Exploration | -11 -10 -10 -8 -8 -8 -8 -8 -8 -8 -8 ------------- Run | Yrd Mat Sub Mat Gar Mat Gar Mat Gar Mat Gar Turns Passed 8678 | 61 445 271 1263 1435 454 1804 1025 1237 316 367 Spaces Moved 4865 | 47 279 139 619 922 250 924 628 760 151 146 Core 46 | 18 . . . . . . . . . 28 Treads 688 | . 133 139 130 . . 266 . 11 . 9 Legs 175 | 29 146 . . . . . . . . . Wheels 3956 | . . . 489 922 250 658 628 749 151 109 Hover . | . . . . . . . . . . . Flight . | . . . . . . . . . . . Fastest Speed 50 | 50 120 160 125 110 110 110 115 115 110 50 Average Speed 136 | 97 139 174 149 124 123 161 127 123 113 122 Slowest Speed 1300 | 120 160 240 240 125 125 240 130 237 130 1300 Overloaded Moves . | . . . . . . . . . . . Propulsion Burnouts . | . . . . . . . . . . . Robots Hopped . | . . . . . . . . . . . Potential Cave-ins 6 | . . . . . . . . . . 6 Cave-ins Triggered 2 | . . . . . . . . . . 2 Exploration Rate (%) 50 | 4 42 13 74 82 34 85 69 92 27 32 Regions Visited 10 Branch Regions 1 Pre-discovered Areas . | . . . . . . . . . . . Known Exits Taken 4 | . . . 1 . 1 . 1 . 1 . Unknown Exits Taken 3 | 1 1 1 . . . . . . . . Scrap Searched . | . . . . . . . . . . . Spaces Dug . | . . . . . . . . . . . Terrain Destroyed 477 | . . . 187 12 11 20 . 120 15 112 Melee . | . . . . . . . . . . . Projectile 25 | . . . . . . . . . 15 10 AOE 452 | . . . 187 12 11 20 . 120 . 102 Terrain Rammed . | . . . . . . . . . . . Walls Destroyed . | . . . . . . . . . . . Machines Disabled . | . . . . . . . . . . . Actions | -11 -10 -10 -8 -8 -8 -8 -8 -8 -8 -8 --------- Run | Yrd Mat Sub Mat Gar Mat Gar Mat Gar Mat Gar Total 6094 | 59 332 156 838 1080 312 1088 807 940 241 241 Wait 318 | . 20 3 83 30 11 16 88 40 22 5 Move 4858 | 46 278 138 619 921 250 923 628 759 151 145 Hop . | . . . . . . . . . . . Pick Up 86 | 7 14 6 15 12 1 15 7 3 4 2 Fast Attach 47 | 5 4 . 9 4 1 2 1 5 4 12 Attach 33 | 1 . 1 3 3 1 9 . 3 3 9 Detach 6 | . . . 2 . . . . 2 . 2 Swap 52 | . 2 1 23 3 5 6 7 3 1 1 Drop 84 | . 8 1 23 12 2 10 14 8 3 3 Fire 538 | . 2 6 61 71 41 91 60 92 53 61 Melee . | . . . . . . . . . . . Ram . | . . . . . . . . . . . Kick 1 | . 1 . . . . . . . . . Crush 3 | . 3 . . . . . . . . . Escape Stasis 62 | . . . . 24 . 13 . 24 . 1 Rewire 6 | . . . . . . 3 2 1 . . Trap . | . . . . . . . . . . . Miscellaneous . | . . . . . . . . . . . Route ------- -11/Scrapyard -10/Materials (discovered 3 exits: [*Mat x2] / [*Sub]) -10/Subcaves -8/Materials (discovered 4 exits: *Fac x3 / Gar) -8/Garrison (discovered 4 exits: *Mat x4) -8/Materials (discovered 2 exits: *Fac / Gar) -8/Garrison (discovered 4 exits: *Fac x3 / *Mat) -8/Materials (discovered 3 exits: *Fac x2 / Gar) -8/Garrison (discovered 4 exits: *Fac x3 / *Mat) -8/Materials -8/Garrison History --------- Turn | Location | Event 10 | -11/Scrapyard | Discovered new exit (range 15) 62 | -11/Scrapyard | Entered Materials 63 | -10/Materials | Met a group of wandering Federalists 164 | -10/Materials | Discovered new exit (range 16) 264 | -10/Materials | Discovered new exit (range 6) 310 | -10/Materials | Build established: Mutant 496 | -10/Materials | Discovered new exit (range 5) 503 | -10/Materials | Prayed at D.C.S.S. Altar Unit 507 | -10/Materials | Entered Subcaves 508 | -10/Subcaves | Continued accompanying wandering Federalists (5) 509 | -10/Subcaves | Ambushed by Subdwellers from Twisted Machinery 653 | -10/Subcaves | Propulsion slot count permanently improved by X0-1V1 (+1) 735 | -10/Subcaves | Discovered new exit (range 15) 749 | -10/Subcaves | Shifting Twisted Machinery released Sub. Machine Gun 753 | -10/Subcaves | Shifting Twisted Machinery released Sub. Shrapnel Launcher 778 | -10/Subcaves | Entered Materials 778 | -8/Materials | Evolved 4 slots: Utility x3, Weapon x1 822 | -8/Materials | Central database locked down 1371 | -8/Materials | Build established: Tank 1448 | -8/Materials | X0-1V1 sent allied B-75 Beast (x1) 1449 | -8/Materials | TH resistance permanently improved by X0-1V1 (+20%; -200 max core) 1517 | -8/Materials | Discovered new exit (range 14) 1792 | -8/Materials | X0-1V1 foreshadows a heat wave 1802 | -8/Materials | X0-1V1 activates XOMVISION 1812 | -8/Materials | X0-1V1 sent you into danger 1824 | -8/Materials | X0-1V1 announced a LAN party 1825 | -8/Materials | X0-1V1 redirected Transport squads to designated parking area 1845 | -8/Materials | Identified exit to Factory 1845 | -8/Materials | X0-1V1 revealed exit location to -7/Factory 1864 | -8/Materials | X0-1V1 sent you to a vault 1906 | -8/Materials | X0-1V1 revealed exit location to -7/Factory 1938 | -8/Materials | X0-1V1 sent you into danger 1951 | -8/Materials | Ambient heat levels rising (+10) 1962 | -8/Materials | Garrison activated, responded to threat 1978 | -8/Materials | First assault squad dispatched 2038 | -8/Materials | Destroyed 9 combat bots 2041 | -8/Materials | Identified exit to Garrison 2041 | -8/Materials | Entered Garrison 2069 | -8/Garrison | Triggered checkpoint 2130 | -8/Garrison | Triggered checkpoint 2215 | -8/Garrison | Triggered checkpoint 2290 | -8/Garrison | Installed Relay Interface Framework 2347 | -8/Garrison | Discovered new exit (range 11) 2527 | -8/Garrison | X0-1V1 sent allied Scrapper (x4) 2537 | -8/Garrison | Triggered checkpoint 2562 | -8/Garrison | Destroyed 7 combat bots 2583 | -8/Garrison | Identified exit to Materials 2583 | -8/Garrison | X0-1V1 revealed exit location to -8/Materials 2595 | -8/Garrison | Triggered checkpoint 2697 | -8/Garrison | Expanded RIF knowledge: Autooverride 2799 | -8/Garrison | Triggered checkpoint 2869 | -8/Garrison | X0-1V1 activates XOMVISION 2907 | -8/Garrison | Triggered checkpoint 2965 | -8/Garrison | Discovered exit to Materials (range 12) 2965 | -8/Garrison | Discovered exit to Materials (range 56) 2965 | -8/Garrison | Discovered exit to Materials (range 81) 2965 | -8/Garrison | Discovered exit to Materials (range 19) 2986 | -8/Garrison | Triggered checkpoint 3035 | -8/Garrison | Core integrity permanently improved by X0-1V1 (+350) 3038 | -8/Garrison | Lost 3 allies 3187 | -8/Garrison | X0-1V1 whisked you away to safety 3226 | -8/Garrison | X0-1V1 activates XOMVISION 3476 | -8/Garrison | Entered Materials 3582 | -8/Materials | X0-1V1 released a cloud of subatomizers 3613 | -8/Materials | Build established: Bothacker-Tank 3852 | -8/Materials | Discovered exit to Factory (range 7) 3896 | -8/Materials | Garrison activated, responded to threat 3930 | -8/Materials | Identified exit to Garrison 3930 | -8/Materials | Entered Garrison 3958 | -8/Garrison | Destroyed 8 combat bots 4010 | -8/Garrison | X0-1V1 sent allied G-34 Mercenary (x3) 4214 | -8/Garrison | Triggered checkpoint 4217 | -8/Garrison | Build established: Bothacker-Gunner 4252 | -8/Garrison | X0-1V1 activates XOMVISION 4290 | -8/Garrison | X0-1V1 mutated your Weapon slot to Propulsion slot 4349 | -8/Garrison | Triggered checkpoint 4350 | -8/Garrison | Weapon slot count temporarily expanded by X0-1V1 (+2) 4352 | -8/Garrison | Triggered checkpoint 4355 | -8/Garrison | Triggered checkpoint 4458 | -8/Garrison | Triggered checkpoint 4463 | -8/Garrison | Assimilated Heavy ARC 3a with formatsys_deep 4474 | -8/Garrison | Discovered exit to Factory (range 14) 4611 | -8/Garrison | Discovered new exit (range 5) 4704 | -8/Garrison | Triggered checkpoint 4939 | -8/Garrison | Discovered exit to Factory (range 10) 5023 | -8/Garrison | Expanded RIF knowledge: Coupler Efficiency 5046 | -8/Garrison | Triggered checkpoint 5086 | -8/Garrison | Lost 3 allies 5172 | -8/Garrison | Core integrity restored by X0-1V1 (+189) 5218 | -8/Garrison | X0-1V1 revealed exit location to -7/Factory 5262 | -8/Garrison | Build established: Bothacker-Mutant 5320 | -8/Garrison | Triggered checkpoint 5344 | -8/Garrison | Learned Factory security intel 5734 | -8/Garrison | Entered Materials 5734 | -8/Materials | Accompanied by 4 allies 6048 | -8/Materials | Discovered exit to Factory (range 16) 6543 | -8/Materials | X0-1V1 revealed exit location to -7/Factory 6550 | -8/Materials | X0-1V1 sent you to a vault 6750 | -8/Materials | Identified exit to Garrison 6759 | -8/Materials | Entered Garrison 6759 | -8/Garrison | Accompanied by 7 allies 6829 | -8/Garrison | Triggered checkpoint 6829 | -8/Garrison | Triggered checkpoint 6838 | -8/Garrison | X0-1V1 destroyed Phase Generator 6838 | -8/Garrison | Phase Generator disabled 7003 | -8/Garrison | Lost 3 allies 7105 | -8/Garrison | Discovered exit to Factory (range 15) 7169 | -8/Garrison | Triggered checkpoint 7269 | -8/Garrison | X0-1V1 activates XOMVISION 7271 | -8/Garrison | Identified exit to Materials 7271 | -8/Garrison | X0-1V1 revealed exit location to -8/Materials 7290 | -8/Garrison | Triggered checkpoint 7294 | -8/Garrison | Triggered checkpoint 7336 | -8/Garrison | Destroyed 8 combat bots 7421 | -8/Garrison | X0-1V1 sent allied X-57 Shotgunner (x4) 7423 | -8/Garrison | Triggered checkpoint 7486 | -8/Garrison | Discovered exit to Factory (range 3) 7675 | -8/Garrison | Expanded RIF knowledge: Code Merge 7749 | -8/Garrison | Triggered checkpoint 7836 | -8/Garrison | Discovered exit to Factory (range 63) 7836 | -8/Garrison | Discovered exit to Factory (range 7) 7836 | -8/Garrison | Discovered exit to Factory (range 70) 7836 | -8/Garrison | Discovered exit to Materials (range 30) 7991 | -8/Garrison | Triggered checkpoint 7996 | -8/Garrison | Entered Materials 7996 | -8/Materials | Accompanied by 1 ally 8017 | -8/Materials | X0-1V1 announced a LAN party 8123 | -8/Materials | Garrison activated, responded to threat 8191 | -8/Materials | Core integrity fell below 50% 8302 | -8/Materials | Identified exit to Garrison 8312 | -8/Materials | Entered Garrison 8395 | -8/Garrison | Weapon slot count temporarily expanded by X0-1V1 (+5) 8434 | -8/Garrison | X0-1V1 sent hostile H-55 Commando (x4) 8469 | -8/Garrison | Crushed by falling debris 8469 | -8/Garrison | System corruption reached 10% 8469 | -8/Garrison | X0-1V1 vaporized surrounding terrain (radius 25) 8475 | -8/Garrison | Triggered checkpoint 8478 | -8/Garrison | Core integrity restored by X0-1V1 (+210) 8481 | -8/Garrison | Triggered checkpoint 8502 | -8/Garrison | Destroyed 7 combat bots 8540 | -8/Garrison | Lost 13 parts (1p5n2u5w) 8631 | -8/Garrison | Core integrity fell below 20% 8638 | -8/Garrison | X0-1V1 turns hostiles against one another 8643 | -8/Garrison | X0-1V1 activates XOMVISION 8645 | -8/Garrison | Crushed by falling debris 8676 | -8/Garrison | Lost 12 parts (4n4u4w) 8679 | -8/Garrison | Destroyed by G-50 Soldier with Heavy Laser Last Messages --------------- 08645_ Crushed by falling debris. 08645_ X0-1V1's Piety Tracker destroyed. 08645_ System corrupted by crushing effect (+4). 08647_ Acquired Hvy. Ion Cannon. 08648_ System corrupted: Component data lost. 08650_ The unstable cave ceiling collapses. 08651_ Acquired Hvy. Ion Cannon. 08659_ P-60 Hacker destroyed. 08660_ X0-1V1: "One less obstacle for my toy on its journey to the highest levels of glorious entertainment." 08663_ System corrupted: Matter fused (-10). 08664_ The unstable cave ceiling collapses. X0-1V1's Piety Tracker suddenly appears amidst shimmering waves of color. 08673_ X0-1V1: "And it's a trip and a fumble!" 08673_ Hvy. Ion Cannon tossed aside. 08674_ Acquired Hvy. Ion Cannon. 08675_ The unstable cave ceiling collapses. 08679_ System corrupted: Component data lost. 08679_ Critical hit (Burn: +37). 08679_ X0-1V1 bursts into laughter! Map ----- +----------------------------------------------------+ | ??? " """" """"" " ????????????? | | ??? """"" " # " ????????????? | | ?? """"" """" " ????????????? | | "" "" # """"""""" ???????????? | | "" " ???????????? | | """" """" [ ??????????? | | " + ^" " ! ??????????? | | # """" """""!%!! # """""""""""" ??????????? | | " !!! """""""""""" ??????????? | | """%%""!!= " ""!!!!!!"""" ??????????? | | """" " " " " """ ?????????? | | + " !"" ?????????? | | " # [ %# !"" ????????? | | % " ==# !"" ????????? | | =** == *%[%! !"" ????????? | | % g%% %| !g """ ????????? | | # ==[*[ ## !!"""; ????????? | | ? %! ### # """"; ???????? | | ?? %= # ! # ;;;; ???????? | | ?? =| ## ## [ #! ???????? | | ??? %# = # ???????? | | ??? !| % #; ???????? | | ?????"" " ;[%= ; ; ???????? | | ??????? ; ;=* ;;;;;;; ???????? | | ??????????!!;; ;;;;;;; ;] !!; ????????? | | ??????????;* ; ;]@ !!; ????????? | | ??????????=;;;;;;;;; ;;; ;;;;; ????????? | | ??????????; ; # # ; ????????? | | ??????????? ; ;"; ;;" ; ;;?????????? | | ??????????? ; " ;[[ !!; ; " ;!?????????? | | ???????????? " ; ;[[ !!; ; ; ;??????????? | | ???????????? " ; ;;;#;;; ; ; "??????????? | | ????????????;;;;;""" ; ; ; ; ; ???????????? | | ????????????? # ; ;;; ; ; ???????????? | | ?????????????;"" ";; ; ; ; ???????????? | | ?????????????? ? " ; ; ; ; ????????????? | | ?????????????????; ; ; ; ; ##????????????? | | ???????????????? ;;;#;;;;;;?;;;;###??????????????? | | ?????????????????? ? ????????????????? | | ????????????????????? ?? ???????????????????? | | ??????????????????????? ??????????????????????? | | ????????????????????????????????Y????????????????? | | ?????????????????????????????????????????????????? | | ?????????????????????????????????????????????????? | | ?????????????????????????????????????????????????? | | ?????????????????????????????????????????????????? | | ?????????????????????????????????????????????????? | | ?????????????????????????????????????????????????? | | ?????????????????????????????????????????????????? | | ?????????????????????????????????????????????????? | +----------------------------------------------------+ Best States ------------- Heat Dissipation 69 Coolant Potential 65 Energy Generation 15 Energy Capacity 1800 Matter Stores 1000 Matter Capacity 1000 Sight Range 22 Terrain Scan Range 16 Terrain Scan Density 10 Base Temperature (-) 100 Armor Coverage 825 Resistance: KI 30 Resistance: TH 80 Evasion (%) 55 Recoil Reduction 3 Relay Coupler Types 3 Relay Coupler Value 186 Item Schematics ----------------- None Robot Schematics ------------------ None Fabricated ------------ Nothing Repaired ---------- Nothing Studied --------- Particle Cannon | -8/Materials | Hacked Alien Tech Used ----------------- None Achievements -------------- None Challenges ------------ None Game ------ Seed SalvageVariableInterface Manual? 0 Play Time 01:26:10 Cumulative 528.7 hours Start 2026.08.01 @ 09:49:32 End 2026.08.01 @ 11:32:30 Sessions 1 Manual Loads 0 Difficulty Rogue Special Mode None Game No. 264 Rogue 264 Adventurer 0 Explorer 0 Win Type - Total 18 Types 10/0/3/1/1/0/0/1/0/2 Lore% 86 Gallery% 82 Achievement% 71 Wizard Run 0 Options --------- Layout 0 ASCII 0 Keyboard 0 Movement Mouse Keybinds 0 Fullscreen 1 Font 18/SmallcapsGlow Map View 76x50 Zoom Use 0% Tactical HUD 1 Map Filters NONE Filters NONE Steam 1 RUN: 490d4dca-8c03-4a22-a255-fa2051f3868b